 Dungeon Crawl Stone Soup version 0.31.0-32-g396128a36d (webtiles) character file.

Game seed: 13645085580863056982

30 Buffagor the Insei (level 3, -1/23 HPs)
             Began as an Octopode Shapeshifter on Mar 25, 2024.
             Slain by a ribbon worm (7 damage)
             ... on level 2 of the Dungeon.
             The game lasted 00:01:47 (1128 turns).

Buffagor the Insei (Octopode Shapeshifter)          Turns: 1128, Time: 00:01:48

Health: -1/23      AC:  1    Str: 13    XL:     3   Next: 20%
Magic:  3/3        EV: 13    Int: 12    God:
Gold:   77         SH:  0    Dex: 13    Spells: 2/2 levels left

rFire   . .          .
                       - Unarmed
rCold   + . .        (no shield)
rNeg    . . .        (helmet currently unavailable)
rPois   .            (no amulet)
rElec   .            f - ring of protection from cold
rCorr   .            (no ring)
SInv    .            (no ring)
Will    .....        (no ring)
Stlth   ++           (no ring)
HPRegen 0.23/turn    (no ring)
MPRegen 0.08/turn    (no ring)
                     (no ring)

%: no passive effects
@: beast-form
A: beast (slay +1), almost no armour, amphibious, 8 rings, camouflage 1,
gelatinous body 1, (nimble swimmer 1), tentacles
a: Begin Untransformation


You were on level 2 of the Dungeon.
You were a hulking beast.
You visited 1 branch of the dungeon, and saw 2 of its levels.

You collected 77 gold pieces.

Inventory:

Jewellery
 f - a ring of protection from cold (left tentacle)
Talismans
 b - a beast talisman
 c - a flux talisman
Scrolls
 d - a scroll of amnesia {unknown}
 e - a scroll of fog {unknown}
 h - a scroll of poison {unknown}
Potions
 a - a potion of lignification
 g - 2 potions of might {unknown}
 i - a potion of berserk rage {unknown}


   Skills:
 - Level 1.0 Fighting
 - Level 2.0 Dodging
 * Level 3.9 Unarmed Combat
 + Level 3.3 Shapeshifting


You had 2 spell levels left.
You didn't know any spells.
Your spell library contained the following spells:

 Spells                   Type           Power      Damage    Failure   Level
 Magic Dart               Conj           0%         1d3       32%         1
 Blink                    Tloc           0%         N/A       45%         2
 Call Imp                 Summ           0%         N/A       45%         2


Dungeon Overview and Level Annotations

Branches:
Dungeon (2/15)

Altars:


Innate Abilities, Weirdness & Mutations

You are a hulking beast.
Your limbs bulge with bestial killing power. (Slay +1)
You cannot wear most types of armour.
You are amphibious.
You can wear up to eight rings at the same time.
Your skin changes colour to match your surroundings (Stealth+).
Your rubbery body absorbs attacks. (AC +1, EV +1)
((You are camouflaged when in or above water. (Stealth+)))
You have tentacles for arms and can constrict up to eight enemies at once.


Message History

The ribbon worm expels a string of sticky webbing.
The stream of webbing misses you. The goblin hits you with a +0 dagger.
You tentacle-slap the ribbon worm. You grab the ribbon worm.
The ribbon worm is moderately wounded.
You constrict the ribbon worm. The goblin barely misses you.
The ribbon worm bites you!
You are too injured to fight recklessly!
You are too injured to fight recklessly!
You are too injured to fight recklessly!
You are too injured to fight recklessly!
You are too injured to fight recklessly!
You are too injured to fight recklessly!
You are too injured to fight recklessly!
You are too injured to fight recklessly!
You are too injured to fight recklessly!
You are too injured to fight recklessly!
You are too injured to fight recklessly!
You are too injured to fight recklessly!
You are too injured to fight recklessly!
You are too injured to fight recklessly!
You are too injured to fight recklessly!
You are too injured to fight recklessly!
Unknown command.
You closely miss the goblin. You grab the goblin. You squeeze the goblin.
You kill the goblin!
You constrict the ribbon worm.
Unknown command.
You tentacle-slap the ribbon worm.
The ribbon worm is heavily wounded.
You constrict the ribbon worm. The ribbon worm bites you.
Unknown command.
You bludgeon the endoplasm!
You kill the endoplasm!
You constrict the ribbon worm. The ribbon worm bites you!
* * * LOW HITPOINT WARNING * * *
You tentacle-slap the ribbon worm.
The ribbon worm is almost dead.
You constrict the ribbon worm. The ribbon worm bites you!
You die...

#.#####.##.....##.######
#>>.....####.#.##.#
######### #......#
###.#### #...# #...#
#...# #...# #..h#
.......w)....#
...............
#.............##
######...####.# ..... #
#..... #.....


You could see a ribbon worm.

Vanquished Creatures
  A dart slug (D:1)
  A bat (D:1)
  2 endoplasms (D:2)
  A giant cockroach (D:1)
  5 goblins
  4 hobgoblins
  4 jackals (D:1)
  A kobold (D:1)
  A quokka (D:1)
  3 rats
23 creatures vanquished.

Notes
Turn   | Place    | Note
-------+----------+-------------------------------------------
     0 | D:1      | Buffagor the Octopode Shapeshifter began the quest for the
                  | Orb.
     0 | D:1      | Reached XP level 1. HP: 13/13 MP: 1/1
   212 | D:1      | Reached XP level 2. HP: 18/18 MP: 2/2
   986 | D:2      | Reached XP level 3. HP: 23/23 MP: 3/3
  1128 | D:2      | Slain by a ribbon worm

Illustrated notes

Levels and vault maps discovered:
D:1:      lightli_arrival_flooded_house, layout_loops_ring, serial_rivers,
          chequers_serial_rivers_room_b, chequers_serial_rivers_large_b,
          chequers_serial_rivers_small_3, chequers_serial_rivers_room_b,
          hex_large
D:2:      layout_loops_cross, uniq_jessica, uniq_robin

Action                     || total
---------------------------++-------
  Melee: Unarmed           ||    39
         Constrict         ||    13
         Tentacles         ||     7
         Punch             ||     2
  Throw: Stone             ||    18
   Stab: Sleeping          ||     1
 Armour: Skin              ||    24
  Dodge: Dodged            ||    15
